[Event "Menorca Open-A 2022"]
[Site "Menorca"]
[Date "2022.04.23"]
[Round "5.11"]
[White "Guerra Reig, Juan (Group B)"]
[Black "Kamm, Guenter (Group B)"]
[Result "1-0"]
[ECO "A36"]
[WhiteElo "1974"]
[BlackElo "1821"]
[Annotator "TA"]
[PlyCount "51"]
[EventDate "2022.04.20"]
[EventType "swiss"]
[EventCountry "ESP"]
[SourceTitle "playchess.com"]
[Source "ChessBase"]
[SourceQuality "1"]
[TimeControl "5400+30"]

1. c4 Nf6 2. Nc3 c5 3. g3 Nc6 4. Bg2 g6 5. d3 Bg7 6. e4 O-O 7. Nge2 d6 8. O-O Rb8 9. h3 a6 10. f4 Nd4 11. a4 {[%emt 0:00:30][%cal Ba2a4,Ba4a5][%mdl 32] [#] A36: Symmetrical English vs ...g6: 4 Bg2 Bg7.} b6 $146 ({Predecessor:} 11... Ne8 12. Kh2 b6 13. Rb1 Nc7 14. b4 cxb4 15. Rxb4 f5 16. Be3 e5 17. Qb1 Nce6 18. Bxd4 exd4 {1-0 (59) Goganov,A (2597)-Popov,M (2280) Minsk 2015}) 12. Nxd4 cxd4 13. Ne2 {[%emt 0:00:30] The position is equal.} (13. Nb1) 13... Nd7 14. b4 b5 (14... a5) (14... a5 $11) 15. cxb5 $16 axb5 16. a5 Bb7 17. Qb3 e5 18. f5 Rc8 19. Bd2 (19. h4) 19... Kh8 (19... d5) (19... d5 $14) 20. fxg6 {[%emt 0:00:30] White is more active.} (20. g4) 20... f5 {[%emt 0:00:30][%mdl 8192] [#] This move loses the game for Black.} (20... fxg6 $16 {keeps fighting.} 21. Rxf8+ Nxf8) 21. Rxf5 (21. exf5 Bxg2 22. Kxg2 Qc7 23. gxh7 Qc2 24. Qxc2 Rxc2 $18) (21. a6 $142 Bc6 22. exf5) 21... Rxf5 (21... hxg6 $142 22. Rxf8+ Nxf8) 22. exf5 $18 Bxg2 23. Kxg2 {[%emt 0:00:30] aiming for gxh7.} e4 $2 (23... hxg6 {might work better.} 24. fxg6 Qf6) 24. dxe4 d3 25. Bc3 dxe2 $2 {[%emt 0:00:30] [#]} (25... Bxc3 $18 26. Nxc3 hxg6) 26. Bxg7+ {[%emt 0:00:30] Weighted Error Value: White=0.25 (precise) /Black=1.09} 1-0

[Event "Menorca Open-A 2022"]
[Site "Menorca"]
[Date "2022.04.23"]
[Round "6.1"]
[White "Sargsyan, Shant"]
[Black "Gukesh D"]
[Result "1/2-1/2"]
[ECO "D38"]
[WhiteElo "2639"]
[BlackElo "2637"]
[Annotator "TA"]
[PlyCount "35"]
[EventDate "2022.04.20"]
[EventType "swiss"]
[EventCountry "ESP"]
[SourceTitle "playchess.com"]
[Source "ChessBase"]
[SourceQuality "1"]
[TimeControl "5400+30"]

1. d4 Nf6 2. c4 e6 3. Nf3 d5 4. Nc3 Bb4 5. cxd5 exd5 6. Bg5 h6 7. Bh4 O-O {[%emt 0:00:30] 7...Bf5 is a critical line. D38: Queen's Gambit Declined: Ragozin Defence (4 Nf3 Bb4).} 8. e3 Bf5 9. Be2 (9. Qb3 $5 Nc6 10. Bxf6 Qxf6 11. Qxd5 $14) 9... Nbd7 {[%emt 0:00:30] The position is equal.} 10. Qb3 Bxc3+ 11. Qxc3 Ne4 {[%emt 0:00:30] [#] An uneventful encounter.  Weighted Error Value: White=0.05 (flawless) /Black=0.00 (flawless)} {Predecessor:} 12. Bxd8 $146 Nxc3 13. bxc3 Rfxd8 14. a4 c5 15. a5 Rac8 16. Nd2 cxd4 17. cxd4 Rc2 18. g4 {1-0 (63) Leko,P (2674)-Vidit,S (2703) Biel 2019} 1/2-1/2

[Event "Menorca Open-A 2022"]
[Site "Menorca"]
[Date "2022.04.23"]
[Round "6.2"]
[White "Aryan Chopra"]
[Black "Nihal Sarin"]
[Result "1/2-1/2"]
[ECO "C18"]
[WhiteElo "2592"]
[BlackElo "2648"]
[Annotator "TA"]
[PlyCount "65"]
[EventDate "2022.04.20"]
[EventType "swiss"]
[EventCountry "ESP"]
[SourceTitle "playchess.com"]
[Source "ChessBase"]
[SourceQuality "1"]
[TimeControl "5400+30"]

1. e4 e6 2. d4 d5 3. Nc3 Bb4 4. e5 c5 5. a3 Bxc3+ 6. bxc3 Qc7 7. Qg4 f6 $1 {[%emt 0:00:12][%mdl 4] now scores much better than the old 7...f5.} 8. Nf3 c4 9. Qg3 {[%emt 0:06:27] C18: French: 3 Nc3 Bb4: Main line: 7 h4 and 7 Qg4.} Qf7 10. h4 h5 11. a4 {[%emt 0:03:09] White has an edge.} Nc6 {[%emt 0:00:32][%cal Bb8c6,Bc6e7,Be7f5][%mdl 32] [#]} 12. a5 $146 ({Predecessor:} 12. Ba3 Nge7 13. Bxe7 Nxe7 14. Qf4 Qg6 15. Qd2 O-O 16. exf6 gxf6 17. Be2 Bd7 18. O-O {0-1 (47) Yogit,S (2270)-Nihal,S (2358) Bhubaneswar 2016}) 12... Nge7 13. Be2 Qg6 14. Qxg6+ Nxg6 15. exf6 gxf6 16. Be3 Nce7 17. g3 Nf5 18. Bc1 Nd6 19. Ba3 Nb5 20. Bb4 Bd7 21. Kd2 Kf7 22. Ne1 Bc6 23. Ng2 Rad8 24. Nf4 Nxf4 25. gxf4 a6 26. Rhg1 Nc7 27. Rg3 {[%emt 0:02:36] [#] And now Rag1 would win. &Bianco is more active.} Rdg8 28. Rxg8 (28. Re3 {looks sharper.} f5 29. Bd6 Ne8 30. Be5) 28... Kxg8 {[%emt 0:00:07] The position is equal.} 29. Rg1+ Kf7 30. Bc5 Ne8 31. Bf1 Ng7 32. Bh3 Nf5 33. Bxf5 {[%emt 0:00:18] Weighted Error Value: White=0.09 (flawless) /Black=0.09 (flawless)} 1/2-1/2

[Event "Menorca Open-A 2022"]
[Site "Menorca"]
[Date "2022.04.23"]
[Round "6.3"]
[White "Santos Latasa, Jaime"]
[Black "Santos Ruiz, Miguel"]
[Result "1/2-1/2"]
[ECO "D36"]
[WhiteElo "2656"]
[BlackElo "2597"]
[Annotator "TA"]
[PlyCount "50"]
[EventDate "2022.04.20"]
[EventType "swiss"]
[EventCountry "ESP"]
[SourceTitle "playchess.com"]
[Source "ChessBase"]
[SourceQuality "1"]
[TimeControl "5400+30"]

1. d4 d5 2. c4 e6 3. Nc3 Nf6 4. cxd5 exd5 5. Bg5 c6 6. e3 h6 7. Bh4 Be7 8. Bd3 O-O 9. Nge2 Re8 10. O-O Nbd7 11. Qc2 a6 {[%emt 0:01:16] D36: Queen's Gambit Declined: Exchange Variation: Main line (5 Bg5 c6 6 Qc2).} 12. Kh1 {[%emt 0:04:14] [#]} b5 $146 ({Predecessor:} 12... Ne4 13. Bxe7 Qxe7 14. Rae1 Ndf6 15. f3 Nxc3 16. Nxc3 Qd6 17. Qf2 Be6 18. Rg1 Kf8 19. h3 {1-0 (39) Krmelj,N (2035)-Ferkingstad,G (2010) Moscow 1994}) 13. Nb1 Qb6 14. Nd2 c5 {[%emt 0:00:09] The position is equal.} 15. dxc5 Nxc5 16. Nb3 Nxd3 17. Qxd3 Bb7 18. Nbd4 Bf8 19. Bxf6 Qxf6 20. Rac1 Rac8 21. Kg1 g6 22. Rxc8 Rxc8 23. Rc1 Rxc1+ 24. Nxc1 {[%emt 0:00:05] Pair of Knights!} Qe5 25. Qd2 Bd6 {[%emt 0:00:53] An interesting draw.  Weighted Error Value: White=0.07 (flawless) /Black=0.07 (flawless)} 1/2-1/2

[Event "Menorca Open-A 2022"]
[Site "Menorca"]
[Date "2022.04.23"]
[Round "6.4"]
[White "Adhiban, B.."]
[Black "Budisavljevic, Luka"]
[Result "1-0"]
[ECO "C02"]
[WhiteElo "2633"]
[BlackElo "2509"]
[Annotator "TA"]
[PlyCount "61"]
[EventDate "2022.04.20"]
[EventType "swiss"]
[EventCountry "ESP"]
[SourceTitle "playchess.com"]
[Source "ChessBase"]
[SourceQuality "1"]
[TimeControl "5400+30"]

1. e4 e6 2. d4 d5 3. e5 c5 4. c3 Qb6 5. Nf3 Nc6 6. Bd3 cxd4 7. O-O $1 {[%emt 0:00:09][%mdl 4] is more profitable than 7.cxd4 at the moment. C02: French: Advance Variation.} Bd7 8. Re1 Nge7 9. h4 {[%emt 0:00:40] Black has an edge.} h6 10. h5 a6 11. Nbd2 dxc3 12. bxc3 {[%emt 0:00:05] [#]} Nc8 $146 ({Predecessor:} 12... Na5 13. Rb1 Qc7 14. Ba3 Nc8 15. Bxf8 Rxf8 16. Qc1 Nb6 17. Qa3 Na4 18. c4 Qc5 {1-0 (46) Shevchenko,K (2592)-Borsuk,K (2401) Kremenchuk 2020}) 13. Nb3 Qc7 14. a4 Nb6 15. Be3 Nc4 {[%emt 0:23:08] Inhibits a5.} (15... Nd8 $15 16. Bxb6 Qxb6) 16. Bxc4 $11 dxc4 17. Nc5 Rd8 18. Rb1 Bc8 19. Qe2 Nxe5 20. Nxa6 $2 Qd6 $4 {[%emt 0:17:05][%mdl 8192] [#]} ({Inferior is} 20... bxa6 21. Bb6 Nxf3+ 22. Qxf3 $17) (20... Nxf3+ $19 21. Qxf3 bxa6) 21. Bb6 $1 $18 {[%emt 0:04:23][%mdl 1024] White has strong compensation.} Nd3 (21... Nxf3+ {keeps fighting.} 22. Qxf3 bxa6) 22. Nc7+ Ke7 23. Nd4 {[%emt 0:04:27] Threatens to win with Nf5+. Pair of Knights! White is clearly winning.} e5 (23... g6 $142 24. hxg6 e5) 24. f4 f6 25. fxe5 fxe5 26. Rf1 g6 27. hxg6 Qxg6 {[%emt 0:00:27] [#]} 28. Bc5+ $1 Kd7 {[%emt 0:05:39] [#]} (28... Nxc5 29. Qxe5+) 29. Qg4+ $3 Kxc7 (29... Qf5 30. Rxf5) 30. Nb5+ {[%emt 0:00:14][%mdl 64] Discovered Attack} Kb8 31. Ba7+ {[%emt 0:00:05] Weighted Error Value: White=0.18 (very precise) /Black=0.79} ({Not} 31. Qxg6 Bxc5+ 32. Kh2 Rhg8 $18) 1-0

[Event "Menorca Open-A 2022"]
[Site "Menorca"]
[Date "2022.04.23"]
[Round "6.5"]
[White "Garriga Cazorla, Pere"]
[Black "Martirosyan, Haik M."]
[Result "0-1"]
[ECO "E12"]
[WhiteElo "2504"]
[BlackElo "2633"]
[Annotator "TA"]
[PlyCount "86"]
[EventDate "2022.04.20"]
[EventType "swiss"]
[EventCountry "ESP"]
[SourceTitle "playchess.com"]
[Source "ChessBase"]
[SourceQuality "1"]
[TimeControl "5400+30"]

1. d4 Nf6 2. c4 e6 3. Nf3 b6 4. a3 Bb7 5. Nc3 d5 6. cxd5 Nxd5 7. Qc2 Be7 8. e4 Nxc3 9. bxc3 O-O 10. Bd3 c5 11. O-O Qc7 12. Qe2 Nd7 13. Bb2 {[%emt 0:09:30] 13.Bb2 has lost popularity.} Rac8 14. a4 {[%emt 0:10:16] E12: Queen's Indian: Unusual White 4th moves, 4 a3, 4 Nc3 Bb7 5 a3 and 4 Nc3 Bb7 .} Rfd8 15. Rfd1 h6 16. h3 {[%emt 0:07:52] [#] The position is equal.} e5 $5 $146 {[%emt 0:02:43][%mdl 8] An interesting novelty.} (16... Nb8 $11) ({Predecessor:} 16... Nf8 17. Bc1 Ng6 18. g3 cxd4 19. cxd4 Bb4 20. Bb2 Qb8 21. Rac1 Rxc1 22. Rxc1 Rc8 23. Rc2 Rxc2 {½-½ (23) Kratochvil,J (2207)-Kudr,R (2288) ICCF email 2016}) 17. Bb5 cxd4 18. cxd4 Qc2 19. d5 Qxe2 20. Bxe2 Nc5 (20... Rc2 $5 21. Rd2 Rdc8 $11) 21. Nxe5 (21. Ba3 $11) 21... Nxe4 $15 22. Nc6 Bxc6 23. dxc6 Rxc6 24. Rxd8+ Bxd8 25. Bd3 Nc5 26. Bb5 Re6 27. Rd1 Bf6 28. Ba3 a6 29. Bf1 ({White should play} 29. Bc4 $1 $15 Re4 30. Rc1) 29... Nxa4 $17 30. Bxa6 Nc3 31. Rd2 Re1+ 32. Bf1 Nb1 {[%emt 0:04:57] &Nero is more active.} 33. Rd3 Bc3 {[%emt 0:00:06] [#] Against Bb4. aiming for ...Ba5.} 34. g3 Nd2 {[%emt 0:02:02] ...Ba5 is the strong threat.} ({Much weaker is} 34... Nxa3 $6 35. Rxc3 Ra1 36. Kg2 $11) 35. Rxc3 {[%emt 0:00:48] Now White is beyond hope.} (35. Kg2 $17 Rxf1 36. Rxd2) 35... Rxf1+ $19 36. Kg2 {[%emt 0:00:04] [#] Strongly threatening Rc8+.} Rxf2+ $1 37. Kxf2 {[%emt 0:01:32][%mdl 4096] Endgame} (37. Kg1 Re2) 37... Ne4+ {[%emt 0:00:06] Black is winning.} 38. Ke3 Nxc3 39. Kd3 Nd5 40. Kc4 Nf6 41. Bd6 Kh7 42. Bc7 Ne4 43. Kd4 Ng5 {[%emt 0:00:19] Weighted Error Value: White=0.21 (precise) /Black=0.08 (flawless)} 0-1

[Event "Menorca Open-A 2022"]
[Site "Menorca"]
[Date "2022.04.23"]
[Round "6.6"]
[White "Sadhwani, Raunak"]
[Black "Chumpitaz, Ann"]
[Result "1-0"]
[ECO "D36"]
[WhiteElo "2628"]
[BlackElo "2244"]
[Annotator "TA"]
[PlyCount "53"]
[EventDate "2022.04.20"]
[EventType "swiss"]
[EventCountry "ESP"]
[SourceTitle "playchess.com"]
[Source "ChessBase"]
[SourceQuality "1"]
[TimeControl "5400+30"]

1. d4 Nf6 2. c4 e6 3. Nc3 d5 4. cxd5 exd5 5. Bg5 Be7 6. e3 c6 7. Bd3 Nbd7 8. Qc2 O-O {[%emt 0:00:32] 8...Nh5 might become the main line.} 9. Nge2 h6 10. Bh4 Ng4 {[%emt 0:08:43] D36: Queen's Gambit Declined: Exchange Variation: Main line (5 Bg5 c6 6 Qc2).} 11. Bxe7 Qxe7 12. h3 Ngf6 {[%emt 0:00:40] The position is equal.} 13. O-O-O Re8 (13... b5 $11) 14. g4 $14 Ne4 15. Bxe4 dxe4 16. h4 {[%emt 0:01:07][%cal Og4g5] [#]} Nf8 $146 ({Predecessor:} 16... Nf6 17. g5 Ng4 18. Ng3 f5 19. gxh6 Nxh6 20. Nce2 Be6 21. Kb1 Qf7 22. b3 a5 23. Nf4 a4 24. b4 Bc4 {0-1 (46) Chabot,C (1820)-Wenger,J (1910) IECC email 2000}) 17. Rdg1 Nh7 (17... Ng6 $11 {keeps the balance.}) 18. Nf4 g6 19. Kb1 {[%emt 0:01:38] &Bianco is more active.} Bd7 20. Qb3 {[%emt 0:01:58][%csl LRb7,LRg6] Hoping for Nxg6.} Qd6 (20... Nf8 $142) 21. g5 {[%emt 0:14:36] Black must now prevent h5.} ({Don't play} 21. Qxb7 $6 Reb8 22. Qa6 Qb4 $11) 21... hxg5 $2 {[%emt 0:00:27] Loses the game.} (21... h5 $16) 22. hxg5 $18 {[%emt 0:00:14][%cal Oh1h7] Threatening mate with Rxh7!} Be6 23. Qc2 Bf5 24. Ka1 ({Not} 24. Qb3 Qe7 $16) 24... Qe7 $2 {[%emt 0:21:58] [#]} (24... Rad8 25. f3 (25. Qb3 Qe7 $14) 25... exf3) 25. f3 $1 Kg7 {[%emt 0:00:10] [#]} 26. Rxh7+ $1 Kxh7 (26... Kf8 27. Qh2) 27. Qh2+ {[%emt 0:00:02] Weighted Error Value: White=0.08 (flawless) /Black=0.66} 1-0

[Event "Menorca Open-A 2022"]
[Site "Menorca"]
[Date "2022.04.23"]
[Round "6.7"]
[White "Baskin, Robert"]
[Black "Sethuraman, S.P."]
[Result "0-1"]
[ECO "B90"]
[WhiteElo "2393"]
[BlackElo "2610"]
[Annotator "TA"]
[PlyCount "66"]
[EventDate "2022.04.20"]
[EventType "swiss"]
[EventCountry "ESP"]
[SourceTitle "playchess.com"]
[Source "ChessBase"]
[SourceQuality "1"]
[TimeControl "5400+30"]

1. e4 c5 2. Nf3 d6 3. d4 cxd4 4. Nxd4 Nf6 5. Nc3 a6 6. Be3 e5 7. Nb3 Be7 8. f3 Be6 9. Qd2 h5 10. Nd5 {[%emt 0:00:36] B90: Sicilian Najdorf: Unusual White 6th moves, 6 Be3 Ng4 and 6 Be3 e5.} Bxd5 11. exd5 Nbd7 12. O-O-O {[%emt 0:02:49] White is slightly better.} Qc7 13. c4 a5 14. Kb1 O-O 15. Be2 Rfc8 {[%emt 0:03:20] [#]} 16. g4 $146 (16. Rc1 $14) ({Predecessor:} 16. a3 a4 17. Na1 Bd8 18. g4 Nc5 19. g5 Nfd7 20. Rhf1 g6 21. f4 exf4 22. Bxf4 {0-1 (32) Sunilduth Lyna,N (2647)-Ter Sahakyan,S (2607) Tsaghkadzor 2021}) 16... a4 $15 17. Na1 e4 {[%emt 0:01:41] [#] Strongly threatening ...exf3.} 18. g5 exf3 19. Bxf3 Ng4 $36 {[%emt 0:01:15][%mdl 2048] Black is more active.} 20. Bxg4 ({White should try} 20. Bd4 $1 $11) 20... hxg4 21. Rc1 (21. Nc2 $15) 21... Ne5 $17 22. Rhf1 Qd8 23. g6 Nxg6 24. Bd4 (24. Qe2 $142) 24... Bg5 $19 25. Qf2 Qd7 26. Rc3 Re8 {[%emt 0:00:47][%cal Bc8e8,Be8e4,Be4f4][%mdl 32] ...Re4 is the strong threat.} 27. Nc2 (27. h3 $142) 27... Re4 28. Be3 Bf6 29. Bd4 Bg5 30. Be3 $1 Bxe3 31. Nxe3 Rae8 {[%emt 0:00:03] Threatens to win with ...Rf4.} 32. a3 $2 (32. Rd1) 32... Rf4 33. Qg1 {[%emt 0:01:43] [#]} Rxe3 $1 {[%emt 0:00:29][%mdl 512] Weighted Error Value: White=0.40/Black=0.16 (very precise)} 0-1

[Event "Menorca Open-A 2022"]
[Site "Menorca"]
[Date "2022.04.23"]
[Round "6.8"]
[White "Romanishin, Oleg M"]
[Black "Erigaisi Arjun"]
[Result "0-1"]
[ECO "E11"]
[WhiteElo "2415"]
[BlackElo "2675"]
[Annotator "TA"]
[PlyCount "102"]
[EventDate "2022.04.20"]
[EventType "swiss"]
[EventCountry "ESP"]
[SourceTitle "playchess.com"]
[Source "ChessBase"]
[SourceQuality "1"]
[TimeControl "5400+30"]

1. d4 Nf6 2. Nf3 d5 3. c4 e6 4. g3 Bb4+ 5. Bd2 a5 6. Qc2 O-O 7. Bg2 c5 {[%emt 0:00:16] E11: Bogo-Indian.} 8. dxc5 d4 9. Bxb4 axb4 {[%emt 0:00:13] White has an edge.} 10. Ne5 {[%emt 0:01:38] Inhibits Nc6.} Qc7 11. Nd3 Na6 12. O-O e5 13. Nd2 {[%emt 0:04:21] Prevents e4.} Bf5 14. Nb3 {[%emt 0:02:52] [#]} Nd7 $146 ({Predecessor:} 14... Rfd8 15. Qd2 Ne4 16. Qe1 Ra7 17. Nxb4 Nxb4 18. Qxb4 Rc8 19. Qb6 Qxb6 20. cxb6 Ra6 21. Bxe4 Bxe4 {1-0 (34) Vazquez,F (2199)-Melian,J (1978) Chess.com INT 2021}) 15. c6 bxc6 16. c5 Nf6 17. Qd2 Be4 18. Bxe4 Nxe4 19. Qc2 Qe7 20. Qc4 Nf6 21. Nxb4 (21. a3 $14) 21... Nxb4 $15 22. Qxb4 Qe6 (22... Qd7 $5 ) 23. Nd2 (23. Qd2 $1 $11) 23... Rfb8 $36 {[%emt 0:03:12][%mdl 2112] Deflection. Black is in control.} (23... Rxa2 $6 24. Rxa2 Qxa2 25. Rc1 $11) 24. Qc4 Rxb2 25. Qxe6 fxe6 26. Nc4 Rxe2 27. a4 Ne4 28. Rfe1 {[%emt 0:03:13] [#]} (28. Rae1 $1 $15 Rxe1 29. Rxe1 Nxc5 30. Rxe5 Nxa4 31. Rxe6) 28... Rxa4 $3 {[%emt 0:03:34][%mdl 512] And now ...Rxe1+ would win. &Nero is much more active.} 29. Rxe2 (29. Nxe5 Nxg3) 29... Rxa1+ {[%emt 0:00:06][%mdl 4096] Endgame KRN-KRN} 30. Kg2 Nxc5 31. Rxe5 {[%emt 0:00:15] [#]} (31. Nxe5 $17 Rc1 32. Rd2) 31... Nd3 (31... Rc1 $1 $19 32. Rxc5 d3) 32. Rxe6 c5 $1 33. Re8+ Kf7 34. Nd6+ Kf6 35. Ne4+ Kg6 $1 36. g4 h6 (36... c4 $19 {Strongly threatening ...c3.} 37. Re6+ Kf7 38. Ng5+ Kf8) 37. h4 $1 $15 c4 38. h5+ Kh7 39. Re7 $2 (39. g5 $17 hxg5 40. Rc8) 39... Nf4+ $19 40. Kf3 {[%emt 0:00:41] Nf6+ would kill now.} Nd5 {[%emt 0:00:05] Prevents Nf6+.} 41. Rd7 Ra3+ 42. Kg2 $2 {[%emt 0:00:10] [#]} (42. Ke2 {was the only chance.} d3+ 43. Kf1) 42... Ra5 $1 ({Wrong is} 42... Nf4+ $2 43. Kh2 Rh3+ 44. Kg1 $19) 43. g5 hxg5 44. Nxg5+ Kh6 45. Ne6 d3 {[%emt 0:06:41][%cal Bd4d3,Bd3d2][%mdl 32] ...d2 is the strong threat.} 46. Rd8 {[%emt 0:00:05][%cal Rd8h8] [#]} Nf6 $1 {[%emt 0:00:05] White must now prevent ...Rd5.} ({Not} 46... Kxh5 47. Rxd5+ Rxd5 48. Nf4+ Kg5 49. Nxd5 $11) 47. Rh8+ Nh7 48. Nf8 {[%emt 0:00:59] [#]} (48. Rd8 $142) 48... d2 $1 49. Rxh7+ Kg5 50. Rxg7+ Kxh5 51. Rd7 c3 {[%emt 0:00:04] Weighted Error Value: White=0.55/Black=0.11 (very precise)} 0-1

[Event "Menorca Open-A 2022"]
[Site "Menorca"]
[Date "2022.04.23"]
[Round "6.9"]
[White "Heimann, Andreas"]
[Black "Alinasab, Mobina"]
[Result "1/2-1/2"]
[WhiteElo "2583"]
[BlackElo "2355"]
[Annotator "TA"]
[PlyCount "19"]
[EventDate "2022.04.20"]
[EventType "swiss"]
[EventCountry "ESP"]
[SourceTitle "playchess.com"]
[Source "ChessBase"]
[SourceQuality "1"]
[TimeControl "5400+30"]

1. c4 e6 2. g3 d5 3. Bg2 Nf6 4. d4 dxc4 5. Qa4+ Nbd7 6. Qxc4 a6 7. Be3 $1 {[%emt 0:09:24][%mdl 4] is currently scoring better than 7.Qc2. E03: Open Catalan: 5 Qa4+ Nbd7 6 Qxc4.} b5 8. Qc2 Nd5 {[%emt 0:02:08] [#]} 9. Nc3 $146 {[%emt 0:18:07] [#]} ({Predecessor:} 9. Bxd5 exd5 10. Nf3 Nb6 11. Bf4 Bb4+ 12. Nbd2 Nc4 13. O-O O-O 14. Nxc4 dxc4 15. b3 cxb3 16. axb3 Bb7 17. Ng5 g6 18. Rfd1 Qe7 19. Qxc7 Qxc7 {½-½ (19) Schelberg,M (1570)-Vieth,M (1929) GER email 2017}) 9... Nxe3 10. fxe3 {[%emt 0:00:08] A rather calm draw.  Weighted Error Value: White=0.09 (flawless) /Black=0.01 (flawless)} 1/2-1/2

[Event "Menorca Open-A 2022"]
[Site "Menorca"]
[Date "2022.04.23"]
[Round "6.10"]
[White "Schenderowitsch, Michael"]
[Black "Alonso Rosell, Alvar"]
[Result "0-1"]
[ECO "E10"]
[WhiteElo "2335"]
[BlackElo "2564"]
[Annotator "TA"]
[PlyCount "68"]
[EventDate "2022.04.20"]
[EventType "swiss"]
[EventCountry "ESP"]
[SourceTitle "playchess.com"]
[Source "ChessBase"]
[SourceQuality "1"]
[TimeControl "5400+30"]

1. d4 Nf6 2. c4 e6 3. Nf3 c5 4. d5 b5 5. Bg5 d6 6. e4 {[%emt 0:07:28] E10: Blumenfeld Gambit.} (6. cxb5 $14 {feels stronger.} Qa5+ 7. Bd2) 6... Be7 $11 7. Nbd2 b4 8. Bxf6 (8. h3 $142) 8... Bxf6 9. Qc2 Nd7 {[%emt 0:12:22] [#]} 10. Bd3 $146 ({Predecessor:} 10. Be2 a5 11. O-O O-O 12. Rad1 Qe7 13. Kh1 g6 14. Ne1 Nb6 15. Bd3 Bg7 16. f4 {½-½ (35) Naumkin,I (2405)-David,A (2561) Cap d'Agde 2018}) 10... g6 11. O-O O-O 12. Rfe1 Ne5 13. Bf1 a5 14. Rad1 $1 exd5 15. Nxe5 Bxe5 16. cxd5 Qf6 ({Much less strong is} 16... Qh4 17. Nf3 Qf6 18. Nxe5 Qxe5 19. Qd2 $14) 17. Rb1 a4 18. Nf3 a3 19. Nxe5 Qxe5 20. b3 (20. Qd2 $1 $15) 20... f5 $17 21. exf5 {[%emt 0:02:59] [#]} Bxf5 $1 22. Qd2 Qf6 {[%emt 0:00:35] &Nero is much more active.} 23. Rbd1 Rae8 24. Bb5 {[%emt 0:01:46] [#]} Rxe1+ 25. Rxe1 Rf7 26. Qe3 Qb2 27. h3 $2 {[%emt 0:11:01][%mdl 8192] Loses the game.} (27. f3 $17) 27... Qxa2 $19 28. g4 Bc8 {[%emt 0:00:22] Hoping for ...Qb2.} 29. Qg3 (29. Kg2 $142 Kg7 30. Bc4) 29... Qb2 {[%emt 0:01:25] And now ...a2 would win.} 30. Re8+ Kg7 31. g5 {[%emt 0:02:51] [#]} a2 $1 32. Qh4 (32. Re1 a1=Q) 32... a1=Q+ 33. Bf1 {[%emt 0:00:29] [#]} Qxf2+ $3 34. Qxf2 Rxf2 {[%emt 0:00:04] Weighted Error Value: White=0.78/Black=0.41} 0-1

[Event "Menorca Open-A 2022"]
[Site "Menorca"]
[Date "2022.04.23"]
[Round "6.11"]
[White "Barzen, Pascal"]
[Black "Marin Ferragut, Pau"]
[Result "1-0"]
[ECO "B33"]
[WhiteElo "2324"]
[BlackElo "2120"]
[Annotator "TA"]
[PlyCount "113"]
[EventDate "2022.04.20"]
[EventType "swiss"]
[EventCountry "ESP"]
[SourceTitle "playchess.com"]
[Source "ChessBase"]
[SourceQuality "1"]
[TimeControl "5400+30"]

1. e4 c5 2. Nf3 Nc6 3. d4 cxd4 4. Nxd4 Nf6 5. Nc3 e5 6. Ndb5 d6 7. a4 a6 8. Na3 Be7 9. Bg5 $1 {[%emt 0:00:30] 9.Bg5 scores better than 9.Bc4.} O-O {[%emt 0:00:30][%cal Of6e4] B33: Sicilian: Pelikan and Sveshnikov Variations.} 10. Bxf6 Bxf6 11. Bc4 Bg5 {[%emt 0:00:30] White is slightly better. is the legacy move (11...Be6).} 12. O-O Kh8 13. Nd5 f5 14. exf5 Bxf5 15. c3 Rc8 {[%emt 0:00:30] [#]} 16. Nc2 $146 ({Predecessor:} 16. Qe2 Qe8 17. f3 Qg6 18. Rad1 Qh6 19. Rfe1 Rce8 20. Bd3 Bc8 21. Be4 Bh4 22. g3 {1-0 (59) Balazs,L (2079)-Teglas,B (2206) Slovakia 2017}) 16... Ne7 17. Nce3 {[%emt 0:00:30] Pair of Knights!} Be4 {[%emt 0:00:30][%cal Oc8c4] [#] And now ...Rxc4! would win.} 18. Nxe7 Qxe7 19. Qg4 Bxe3 20. Qxe4 Ba7 {[%emt 0:00:30] Strongly threatening ...Rf4.} 21. g3 {[%emt 0:00:30] Prevents Rf4.} ({But not} 21. Bd3 g6 $11) 21... Qc7 22. Bd3 g6 23. Rad1 $40 {[%emt 0:00:30][%mdl 128] White mounts an attack.} Qb6 24. Rd2 Rf6 25. Kg2 Rcf8 26. f3 $1 Qc7 27. Qd5 {[%emt 0:00:30] White now steadily converts the win.} a5 28. Be4 {[%emt 0:00:30] White is more active.} R8f7 29. Rfd1 Bc5 30. h4 Kg7 31. Rc2 Qb6 {[%emt 0:00:30] [#] Against b4} 32. Rb1 $1 Qd8 33. b4 axb4 34. cxb4 Be3 35. a5 Rd7 36. Re1 Bh6 37. h5 Rff7 $2 (37... gxh5 {was necessary.} 38. Rh1 Be3 39. Rxh5 (39. Re2 Bd4 $16) 39... h6) 38. hxg6 $18 hxg6 39. Ra1 Rc7 $2 (39... Qe7 40. Rc8 (40. Rh1 Rf8 $18) 40... Rc7 41. Rxc7 Qxc7) 40. Rxc7 Qxc7 41. Rd1 Be3 42. Qxd6 Qxd6 43. Rxd6 {[%emt 0:00:30][%mdl 4096] Endgame KRB-KRB} Rf6 $2 (43... g5 44. Kh3 Bf2) 44. Rd3 Bd4 45. Bxb7 Rf7 46. Bc6 Ra7 47. f4 Kf6 48. Kf3 Bb2 49. Ke4 exf4 50. gxf4 Ke6 51. Rg3 (51. b5 $142 {White threatens b6 and mate.} Rxa5 52. b6) 51... Rg7 (51... g5 $142 52. Rxg5 Bc3) 52. b5 Kd6 53. Rd3+ Kc7 54. Kd5 {[%emt 0:00:30] White mates.} Rf7 55. b6+ Kb8 56. a6 Rf5+ 57. Ke4 {[%emt 0:00:30] Weighted Error Value: White=0.19 (very precise) /Black=0.23 (precise)} 1-0